 Dungeon Crawl Stone Soup version 0.22-a0-603-gfc1114d (webtiles) character file.

872 Mamutox the Cudgeler (level 7, 0/70 HPs)
             Began as a Troll Berserker on July 7, 2018.
             Was an Elder of Trog.
             Slain by a worker ant (4 damage)
             ... while paralysed
             ... on level 4 of the Dungeon.
             The game lasted 00:14:40 (3279 turns).

Mamutox the Cudgeler (Troll Berserker)              Turns: 3279, Time: 00:14:40

Health: 0/70       AC:  6    Str: 24 (26) XL:     7   Next: 74%
Magic:  6/6        EV:  1    Int:  0 (3)  God:    Trog [****..]
Gold:   160        SH:  0    Dex:  9 (11) Spells: 6/6 levels left

rFire    . . .     SeeInvis .   a - +0 mace
rCold    . . .     Gourm    +   (no shield)
rNeg     . . .     Faith    .   b - +0 animal skin
rPois    .         Spirit   .   (helmet restricted)
rElec    .         Reflect  +   i - +0 cloak (curse)
rCorr    +         Harm     .   (gloves unavailable)
MR       .....                  (boots unavailable)
Stlth    +.........             m - +3 amulet of reflection
HPRegen  0.61/turn              n - ring of resist corrosion
MPRegen  0.10/turn              g - +5 ring of evasion

@: paralysed, lethally poisoned (0 -> -2), berserk cooldown, slowed, lost
intelligence
A: large, unfitting armour, claws 3, fast metabolism 3, gourmand, regeneration
1, shaggy fur 1, tough skin 2
a: Berserk, Trog's Hand, Brothers in Arms, Renounce Religion


You were on level 4 of the Dungeon.
You worshipped Trog.
Trog was greatly pleased with you.
You were full.

You visited 1 branch of the dungeon, and saw 5 of its levels.

You collected 160 gold pieces.

Inventory:

Hand Weapons
 a - a +0 mace (weapon)
Missiles
 t - 23 poisoned needles
Armour
 b - a +0 animal skin (worn)
 i - a cursed +0 cloak (worn)
Jewellery
 g - a +5 ring of evasion (right claw)
 m - a +3 amulet of reflection (around neck)
 n - a ring of resist corrosion (left claw)
 A - an uncursed amulet of harm {unknown}
Scrolls
 j - 3 scrolls of immolation {unknown}
 k - 2 scrolls of magic mapping {unknown}
 l - a scroll of noise {unknown}
 p - 2 scrolls of fear {unknown}
 q - a scroll of identify
 r - a scroll of teleportation {unknown}
 u - 3 scrolls of fog {unknown}
 x - a scroll of amnesia {unknown}
 y - a scroll of remove curse {unknown}
Potions
 d - a potion of cancellation {unknown}
 e - 2 potions of ambrosia
 f - 3 potions of agility
 h - 2 potions of curing
 o - a potion of lignification {unknown}
 s - 2 potions of might
 v - a potion of haste {unknown}
 w - a potion of flight {unknown}
 z - a potion of berserk rage {unknown}
 B - a potion of degeneration
Comestibles
 c - 11 rations


   Skills:
 + Level 4.1 Fighting
 + Level 5.4 Maces & Flails
 + Level 2.4 Throwing
 + Level 4.6 Dodging
 - Level 0.3 Stealth


You had 6 spell levels left.
You didn't know any spells.
Your spell library was empty.

Dungeon Overview and Level Annotations

Branches:
Dungeon (5/15)
 Temple: D:4-7

Altars:

Annotations:
D:5 Duvessa


Innate Abilities, Weirdness & Mutations

You are too large for most types of armour.
You have claws for hands.
Your metabolism is lightning-fast.
You like to eat raw meat.
Your natural rate of healing is unusually fast.
You are covered in fur. (AC +1)
You have very tough skin. (AC +2)


Message History

* * * LOW HITPOINT WARNING * * *
You are poisoned.
The worker ant poisons you! The worker ant misses you.
You barely miss the worker ant.
The worker ant is heavily wounded.
You feel yourself speed up.
You feel sick. The worker ant bites you.
* * * LOW HITPOINT WARNING * * *
The worker ant completely misses you. The worker ant bites you.
* * * LOW HITPOINT WARNING * * *
You are more poisoned.
The worker ant poisons you!
It was a potion of degeneration.
There was something very wrong with that liquid.
You feel weakened.
You feel dopey.
You have lost your intelligence.
You feel clumsy.
You feel sick.
The worker ant bites you but does no damage.
You feel sick. The worker ant bites you.
You die...

####........#..#.#####.#.#
#........+......)..<#.#
#........##.#.#####.#.#
#........##.#.......#.###
#........##.#...........#
#........##.#......##.#.#
#.......))............#.#
#........###a......####.#
#........# #.@..........#
####........#
##############
............#
############# # # # # #


You could see a worker ant.

Vanquished Creatures
  The ghost of kirsanium the Conjurer, an amateur GnWn (D:4)
  An orc warrior (D:4)
  An ogre (D:4)
  Dowan (D:5)
  A scorpion (D:4)
  A hound (D:4)
  2 orc priests (D:4)
  4 orc wizards (D:4)
  3 worker ants (D:4)
  Robin (D:2)
  7 adders
  An ooze (D:2)
  An adder skeleton (D:4)
  4 worms
  A dart slug (D:3)
  A leopard gecko (D:4)
  20 orcs
  2 ball pythons
  A giant cockroach (D:4)
  12 goblins
  8 hobgoblins
  10 jackals
  2 quokkas (D:2)
  4 bats (D:1)
  6 frilled lizards
  6 kobolds
  5 rats
107 creatures vanquished.

Notes
Turn   | Place    | Note
-------+----------+-------------------------------------------
     0 | D:1      | Mamutox the Troll Berserker began the quest for the Orb.
     0 | D:1      | Reached XP level 1. HP: 22/22 MP: 0/0
   276 | D:1      | Reached XP level 2. HP: 29/29 MP: 1/1
   364 | D:1      | Reached skill level 3 in Maces & Flails
   856 | D:1      | Reached ** piety under Trog
  1063 | D:2      | Noticed Robin
  1065 | D:2      | Reached XP level 3. HP: 33/36 MP: 2/2
  1083 | D:2      | Killed Robin
  1331 | D:2      | Reached XP level 4. HP: 42/44 MP: 3/3
  1915 | D:3      | Reached *** piety under Trog
  1922 | D:3      | Reached XP level 5. HP: 43/53 MP: 4/4
  2166 | D:4      | Reached skill level 4 in Maces & Flails
  2223 | D:4      | Noticed an orc warrior
  2230 | D:4      | Killed an orc warrior
  2230 | D:4      | Reached XP level 6. HP: 61/61 MP: 5/5
  2345 | D:4      | Found a runed door.
  2345 | D:4      | Noticed kirsanium's ghost (amateur GnWn)
  2455 | D:4      | Killed kirsanium's ghost
  2455 | D:4      | Reached skill level 1 in Throwing
  2527 | D:4      | Reached skill level 5 in Maces & Flails
  2527 | D:4      | Reached XP level 7. HP: 30/68 MP: 6/6
  2998 | D:4      | Reached **** piety under Trog
  3226 | D:5      | Entered Level 5 of the Dungeon
  3238 | D:5      | Noticed Dowan
  3239 | D:5      | Noticed Duvessa
  3245 | D:5      | Killed Dowan
  3269 | D:4      | HP: 3/70 [poisoned by a worker ant]
  3278 | D:4      | Lost intelligence.
  3279 | D:4      | Slain by a worker ant

Vault maps used:
D:1:      lemuel_arrival_funnel
D:2:      uniq_robin
D:3:      first_ration
D:4:      hellmonk_ghost_happy_afterlife, kennysheep_cross_bottleneck,
          minmay_misc_feat_pillars
D:5:      grunt_temple_overflow_order_and_chaos_1, uniq_duvessa

Skill      XL: |  1  2  3  4  5  6  7 |
---------------+----------------------+-----
Maces & Flails | 3 4 5 |  5.4
Dodging        | 3 4 |  4.6
Fighting       | 3 4 |  4.1
Throwing       | 1 2 |  2.4
Stealth        | |  0.3

Action                   |  1- 3 |  4- 6 |  7- 9 || total
-------------------------+-------+-------+-------++-------
Melee: Mace              |   146 |   171 |   112 ||   429
Invok: Berserk           |     1 |     5 |     5 ||    11
  Use: Scroll            |       |       |     4 ||     4
       Potion            |       |       |     2 ||     2
  Eat: Chunk             |    19 |    16 |    10 ||    45
Armor: Animal skin       |   103 |    64 |    21 ||   188
Dodge: Dodged            |   127 |   117 |   102 ||   346
Block: Other             |       |       |    14 ||    14

Table legend:
 A = Spawn XP
 B = Non-spawn XP
 C = Spawn XP percentage of total XP
 D = Spawn monster count
 E = Non-spawn monster count
 F = Spawn count percentage of total count
 G = Total turns spent on level
                    A         B        C        D         E        F      G
               +---------+---------+-------+---------+---------+-------+---------
         Total |       0 |    1246 |   0.0 |       0 |     107 |   0.0 |  3279
               +---------+---------+-------+---------+---------+-------+---------
           D:1 |       0 |      33 |   0.0 |       0 |      21 |   0.0 |  1009
           D:2 |       0 |      83 |   0.0 |       0 |      27 |   0.0 |   607
           D:3 |       0 |      80 |   0.0 |       0 |      20 |   0.0 |   508
           D:4 |       0 |     978 |   0.0 |       0 |      38 |   0.0 |  1112
           D:5 |       0 |      72 |   0.0 |       0 |       1 |   0.0 |    43
               +---------+---------+-------+---------+---------+-------+---------
